 Dungeon Crawl Stone Soup version 0.19-a0-1562-g49e5c8c (webtiles) character file.

3538 TheGoonsmith the Destroyer (level 9, -7/45 HPs)
             Began as a Deep Elf Fire Elementalist on Sept 14, 2016.
             Was a Priest of Vehumet.
             Killed by nerve-wracking pain
             ... invoked by a shadow imp
              (10 damage)
             ... on level 7 of the Dungeon on Sept 15, 2016.
             The game lasted 00:17:31 (8168 turns).

TheGoonsmith the Destroyer (DEFE)                   Turns: 8168, Time: 00:17:32

Health: -7/45      AC: 14    Str:  5    XL:     9   Next: 82%
Magic:  3/23       EV: 12    Int: 24    God:    Vehumet [***...]
Gold:   157        SH:  0    Dex: 15    Spells: 4 memorised, 12 levels left

rFire  . . .     SeeInvis .     w - +1 dagger (protect)
rCold  + . .     Gourm    .     K - +3 leather armour of Music {rC+}
rNeg   . . .     Faith    .     (no shield)
rPois  .         Spirit   .     (no helmet)
rElec  .         Dismiss  .     A - +1 cloak
rCorr  .         Reflect  .     (no gloves)
MR     +....     Harm     .     H - +0 pair of boots
Stlth  ++........               d - amulet of regeneration
                                (no ring)
                                p - ring of protection from magic

@: no status effects
A: blink
a: Blink, Renounce Religion


You were on level 7 of the Dungeon.
You worshipped Vehumet.
Vehumet was most pleased with you.
You were hungry.

You visited 2 branches of the dungeon, and saw 11 of its levels.

You collected 268 gold pieces.
You spent 111 gold pieces at shops.

Inventory:

Hand Weapons
 s - a +3 short sword of venom
 w - a +1 dagger of protection (weapon)
Missiles
 e - 6 javelins (quivered)
 y - a throwing net
Armour
 a - a +1 robe
 A - a +1 cloak (worn)
 H - a +0 pair of boots (worn)
 K - the +3 leather armour of Music (worn) {rC+}
   (You found it on level 5 of the Dungeon)

   It protects you from cold.
Jewellery
 d - an amulet of regeneration (around neck)
 p - a ring of protection from magic (left hand)
 J - an uncursed amulet of the gourmand
Wands
 t - a wand of disintegration (10/24)
 x - a wand of lightning (10/15)
Scrolls
 f - 4 scrolls of remove curse
 l - a scroll of fog
 m - 3 scrolls of amnesia
 q - 2 scrolls of teleportation
 r - 5 scrolls of identify
 C - 3 scrolls of enchant weapon
 F - a scroll of noise {unknown}
 G - a scroll of magic mapping
 I - a scroll of enchant armour
Potions
 h - a potion of magic
 i - 2 potions of brilliance
 k - 8 potions of curing
 n - 2 potions of ambrosia
 o - a potion of cure mutation
 u - a potion of heal wounds
 v - 4 potions of lignification
 B - 2 potions of might {unknown}
 E - a potion of resistance {unknown}
 L - a potion of degeneration
Books
 b - a book of Flames

   Spells                             Type                      Level
   a - Flame Tongue                   Conjuration/Fire             1
   b - Throw Flame                    Conjuration/Fire             2
   c - Conjure Flame                  Conjuration/Fire             3
   d - Inner Flame                    Hexes/Fire                   3
   e - Sticky Flame                   Conjuration/Fire             4
   f - Fireball                       Conjuration/Fire             5
Comestibles
 c - 3 bread rations
 j - 2 slices of pizza
 D - 9 meat rations


   Skills:
 - Level 2.4 Dodging
 - Level 2.4 Stealth
 + Level 8.5 Spellcasting
 * Level 10.3 Conjurations
 * Level 9.9 Fire Magic


You had 12 spell levels left.
You knew the following spells:

 Your Spells              Type           Power        Failure   Level  Hunger
a - Flame Tongue          Conj/Fire      #####        1%          1    None
c - Conjure Flame         Conj/Fire      ######..     1%          3    None
f - Fireball              Conj/Fire      ######....   1%          5    ####...
s - Sticky Flame          Conj/Fire      ######..     1%          4    ##.....


Dungeon Overview and Level Annotations

Branches:
Dungeon (10/15)            Temple (1/1) D:4
   Lair: D:8-11         Orc: D:9-12

Altars:
Ashenzari
Cheibriados
Dithmenos
Elyvilon
Fedhas
Gozag
Hepliaklqana
Kikubaaqudgha
Makhleb
Nemelex Xobeh
Okawaru
Qazlal
Sif Muna
Trog
Uskayaw
Vehumet
Xom
Yredelemnul
Zin
The Shining One

Shops:
D:4 *   D:6 ?   D:7 =   D:8 *!

Annotations:
D:7 Joseph


Innate Abilities, Weirdness & Mutations

You can translocate small distances at will.


Message History

The sling bullet hits you but does no damage.
You closely miss the shadow imp.
The shadow imp is almost dead.
The shadow imp barely misses you.
The shadow imp hits you but does no damage.
The shadow imp gestures at you.
You easily resist.
The shadow imp spits at you.
Joseph shoots a sling bullet.
The sling bullet hits you!!
Ouch! That really hurt!
The sling bullet burns you.
* * * LOW HITPOINT WARNING * * *
You see here a sling bullet.
Joseph shoots a sling bullet.
The sling bullet hits you!
* * * LOW HITPOINT WARNING * * *
The sling bullet burns you.
* * * LOW HITPOINT WARNING * * *
The shadow imp gestures at you. Pain shoots through your body!
You die...

#@# #. # #)# O# #.#
####. ###
##.###.##รท ##.##
##.#(@..##
####.#.##
#.###...##
##.#.###.##
##.#..#..#####.#.##
##.###.#
##.#.#.....#.#.##
##....#
###.###.5.@....#
##.##### ###
###(#.###.###.##
#.#.# #.#.##
#.#.#####.##
#.#.##.....#
###.##..##.# ####+#
#.##...#.# #.##.#
#.......(###
#####.##.#
#...##.....#


You could see Joseph and a shadow imp.

Vanquished Creatures
  Sigmund (D:2)
  A hippogriff (D:8)
  Menkaure (D:5)
  A black bear (D:8)
  3 ice beasts
  An orc warrior (D:8)
  5 ogres
  2 centaurs
  A big kobold (D:8)
  A bullfrog (D:6)
  3 scorpions
  A water moccasin skeleton (D:6)
  6 killer bees (D:7)
  4 wights (D:7)
  A howler monkey (D:4)
  3 crimson imps
  A quasit (D:7)
  4 orc priests
  Crazy Yiuf (D:4)
  2 hounds
  A jelly (D:6)
  8 orc wizards
  Jessica (D:3)
  Terence (D:2)
  2 bullfrog skeletons (D:6)
  Ijyb (D:2)
  Natasha (twice) (D:2)
  6 worker ants
  A hound zombie (D:6)
  4 gnolls (D:4)
  13 adders
  5 shadow imps
  3 oozes
  2 adder zombies
  An adder skeleton (D:9)
  A dart slug (D:1)
  2 worms (D:3)
  6 leopard geckos
  28 orcs
  2 ball pythons
  6 giant cockroaches
  6 goblins
  12 hobgoblins
  10 jackals
  4 quokkas
  7 bats
  3 frilled lizards
  A jackal skeleton (D:4)
  A jackal zombie (D:5)
  7 kobolds
  A quokka skeleton (D:7)
  A quokka zombie (D:5)
  9 rats
201 creatures vanquished.

Notes
Turn   | Place    | Note
-------+----------+-------------------------------------------
     0 | D:1      | TheGoonsmith the Deep Elf Fire Elementalist began the quest for the Orb.
     0 | D:1      | Reached XP level 1. HP: 10/10 MP: 6/6
   233 | D:1      | Reached XP level 2. HP: 15/15 MP: 5/8
   439 | D:1      | Reached skill level 2 in Conjurations
   753 | D:2      | Noticed Ijyb
   753 | D:2      | Noticed Sigmund
   864 | D:3      | Noticed Jessica
   870 | D:3      | Killed Jessica
   870 | D:3      | Reached XP level 3. HP: 10/19 MP: 6/10
   872 | D:3      | Reached skill level 3 in Conjurations
  1052 | D:3      | Reached XP level 4. HP: 24/24 MP: 7/11
  1442 | D:3      | Learned a level 4 spell: Sticky Flame
  1446 | D:3      | Learned a level 3 spell: Conjure Flame
  2181 | D:3      | Reached skill level 4 in Conjurations
  2181 | D:3      | Reached XP level 5. HP: 22/28 MP: 13/13
  2292 | D:4      | Found Fosyv's General Store.
  2423 | D:4      | Found a staircase to the Ecumenical Temple.
  2432 | D:4      | Reached skill level 5 in Conjurations
  2432 | D:4      | Reached XP level 6. HP: 27/32 MP: 6/15
  2642 | Temple   | Entered the Ecumenical Temple
  2711 | Temple   | Became a worshipper of Vehumet
  3010 | D:4      | Reached skill level 5 in Fire Magic
  3015 | D:4      | Reached skill level 5 in Spellcasting
  3115 | D:4      | Learned a level 5 spell: Fireball
  3399 | D:4      | Found a runed door.
  3515 | D:4      | Noticed Crazy Yiuf
  3523 | D:4      | Killed Crazy Yiuf
  3616 | D:4      | Reached XP level 7. HP: 36/36 MP: 13/16
  3648 | D:5      | Entered Level 5 of the Dungeon
  3669 | D:5      | Reached skill level 6 in Conjurations
  4657 | D:5      | Reached * piety under Vehumet
  4657 | D:5      | Offered knowledge of Shock by Vehumet.
  4721 | D:5      | Noticed Menkaure
  4729 | D:5      | Killed Menkaure
  4729 | D:5      | Reached skill level 7 in Conjurations
  4729 | D:5      | Reached XP level 8. HP: 30/41 MP: 10/19
  4946 | D:5      | Got an encrusted leather armour
  4957 | D:5      | Identified the +3 leather armour of Music {rC+} (You found it on level 5 of the Dungeon)
  5230 | D:2      | Noticed Terence
  5245 | D:2      | Killed Terence
  5250 | D:2      | Killed Ijyb
  5436 | D:2      | Killed Sigmund
  5700 | D:2      | Noticed Natasha
  5706 | D:2      | Killed Natasha
  5740 | D:2      | Noticed Natasha
  5741 | D:2      | Killed Natasha
  5875 | D:6      | Upgraded the game from 0.19-a0-1553-g64c24c3 to 0.19-a0-1562-g49e5c8c
  5965 | D:6      | Found Lejeiri's Magic Scroll Shop.
  5980 | D:6      | Bought a scroll of magic mapping for 45 gold pieces
  5980 | D:6      | Bought a scroll of identify for 26 gold pieces
  5980 | D:6      | Bought a scroll of identify for 26 gold pieces
  6030 | D:6      | Reached skill level 8 in Conjurations
  6208 | D:6      | Reached ** piety under Vehumet
  6208 | D:6      | Offered knowledge of Magic Dart by Vehumet.
  6703 | D:7      | Found Yhadesh's Jewellery Emporium.
  6740 | D:7      | Gained mutation: You can translocate small distances at will. [potion of beneficial mutation]
  6777 | D:7      | Reached XP level 9. HP: 24/45 MP: 6/21
  6898 | D:7      | You fall through a shaft for 3 floors!
  6898 | D:10     | Entered Level 10 of the Dungeon
  6924 | D:8      | Reached skill level 9 in Conjurations
  7098 | D:8      | Found Veyveunaa's Distillery.
  7203 | D:8      | Bought a potion of degeneration for 14 gold pieces
  7323 | D:8      | Found Aptiwk's Assorted Antiques.
  7841 | D:7      | Offered knowledge of Dazzling Spray by Vehumet.
  7869 | D:7      | Reached skill level 10 in Conjurations
  8109 | D:7      | Noticed Joseph
  8122 | D:7      | HP: 2/45 [Joseph/sling bullet (1)]
  8143 | D:7      | Reached *** piety under Vehumet
  8168 | D:7      | Killed from afar by a shadow imp

Vault maps used:
D:1:      saegor_arrival_simple_f
D:2:      first_bread, uniq_terence, uniq_iyjb, uniq_sigmund, uniq_natasha
D:3:      uniq_jessica
D:4:      serial_shops, shop, uniq_crazy_yiuf_cottage
D:5:      uniq_menkaure
D:6:      serial_shops, shop_scrolls
D:7:      serial_shops, nicolae_shop_waterfront, grunt_ministairs_11,
          grunt_ogre_cave, hangedman_decor_points, kennysheep_generic_room_14,
          uniq_joseph
D:8:      mumra_celtic_spiral_tile, serial_shops, shop, shop
D:9:      grunt_lair_entry_orc_guard_hut, david_orc_5, serial_glass,
          glass_columns_b, glass_columns_c, glass_columns_a, glass_columns_a,
          glass_columns_a, glass_columns_c
Temple:   regret_index_temple_sigil_plot

Skill      XL: |  1  2  3  4  5  6  7  8  9 |
---------------+----------------------------+-----
Conjurations   | 2 3 4 5 7 8 10 | 10.3
Spellcasting   | 4 5 6 7 8 |  8.5
Fire Magic     | 4 5 6 8 9 |  9.9
Dodging        | |  2.4
Stealth        | |  2.4

Action                   |  1- 3 |  4- 6 |  7- 9 || total
-------------------------+-------+-------+-------++-------
Melee: Short sword       |       |    15 |    29 ||    44
       Dagger            |       |       |    16 ||    16
 Cast: Flame Tongue      |    36 |   127 |   267 ||   430
       Conjure Flame     |       |     1 |    12 ||    13
       Sticky Flame      |       |       |    20 ||    20
       Fireball          |       |       |    11 ||    11
  Use: Scroll            |       |     3 |    15 ||    18
       Potion            |       |       |     2 ||     2
  Eat: Chunk             |       |     3 |    10 ||    13
       Royal jelly       |       |     1 |       ||     1
       Bread ration      |       |     1 |     1 ||     2
       Beef jerky        |       |       |     1 ||     1
Armor: Robe              |     2 |     6 |     4 ||    12
       Leather armour    |       |       |    60 ||    60
Dodge: Dodged            |     4 |    20 |    78 ||   102
